 Dungeon Crawl Stone Soup version 0.30-a0-347-gf58ed5266c (webtiles) character file.

Game seed: 14663364822062287224

178 Shayle the Insei (level 5, -7/40 HPs)
             Began as a Djinni Reaver on Nov 6, 2022.
             Mangled by a gnoll bouda
             ... wielding a +0 whip
              (9 damage)
             ... on level 4 of the Dungeon.
             The game lasted 00:08:39 (1945 turns).

Shayle the Insei (Djinni Reaver)                    Turns: 1945, Time: 00:08:40

Health: -7/40      AC:  4    Str:  9 (11) XL:     5   Next: 89%
Gold:   115        EV: 11    Int: 15 (17) God:
                   SH:  0    Dex:  8 (11)

rFire   + + .      SeeInvis .    n - +0 morningstar
rCold   x . .      Faith    .    (no shield)
rNeg    . . .      Spirit   .    a - +0 leather armour
rPois   ∞          Reflect  .    (no helmet)
rElec   .          Harm     .    (no cloak)
rCorr   +          Rampage  .    c - +0 pair of gloves
Will    .....                    (boots unavailable)
Stlth   +.........               g - amulet of regeneration
HPRegen 1.06/turn                d - ring of resist corrosion
MPRegen 0.00/turn                (no ring)

@: weakened, flying, very slightly contaminated
A: sickness immunity, fire resistance 2, cold vulnerability 1, float, innate
caster, HP casting, extra vitality 1
a: no special abilities


You were on level 4 of the Dungeon.
You visited 1 branch of the dungeon, and saw 4 of its levels.

You collected 115 gold pieces.

Inventory:

Hand Weapons
 n - a +0 morningstar (weapon)
Missiles
 f - 2 throwing nets
 l - 4 silver javelins
Armour
 a - a +0 leather armour (worn)
 c - a +0 pair of gloves (worn)
Jewellery
 d - a ring of resist corrosion (left hand)
 g - an amulet of regeneration (around neck)
Scrolls
 e - a scroll of identify {unknown}
 h - a scroll of vulnerability {unknown}
 j - a scroll of fear
 k - a scroll of butterflies {unknown}
 m - a scroll of amnesia {unknown}
 o - a scroll of enchant armour {unknown}
 q - a scroll of noise {unknown}
 r - 3 scrolls of poison {unknown}
 s - a scroll of enchant weapon {unknown}
Potions
 b - 2 potions of degeneration
 i - a potion of cancellation {unknown}
 p - a potion of curing {unknown}


   Skills:
 + Level 3.0 Fighting
 + Level 2.0 Armour
 - Level 2.1 Dodging
 + Level 1.9 Stealth
 + Level 3.8 Unarmed Combat
 + Level 3.0 Spellcasting


You had one spell level left.
You knew the following spells:

 Your Spells              Type           Power      Damage    Failure   Level
a - Kiss of Death         Conj/Necr      44%        2d8       8%          1
b - Momentum Strike       Conj/Tloc      22%        3d8       12%         2
c - Hailstorm             Conj/Ice       11%        3d5       24%         3
d - Apportation           Tloc           22%        N/A       8%          1
e - Static Discharge      Conj/Air       22%        2-3/arc   12%         2
Your spell library was empty.

Dungeon Overview and Level Annotations

Branches:
Dungeon (4/15)
 Temple: D:4-7

Altars:
Trog


Innate Abilities, Weirdness & Mutations

You are immune to sickness and miasma.
You are immune to poison.
Your flesh is very heat resistant. (rF++)
You are vulnerable to cold. (rC-)
You float through the air rather than walking.
You learn spells naturally, not from books.
Your magical power is your life essence.
You have superior vitality. (+4 MHP)


Message History

Your Fighting skill increases to level 3!
Your Armour skill increases to level 2!
Your Spellcasting skill increases to level 3!
Casting: Hailstorm (quite dangerous; 21% risk of failure)
Confirm with . or Enter, or press ? or * to list all spells.
The spell is quite dangerous to miscast (21% risk of failure)!
Continue anyway?
Casting: Hailstorm (quite dangerous; 21% risk of failure)
Press: ? - help, Dir - look around, f - activate A cannonade of hail descends around you!
The hail pelts the gnoll!
You kill the gnoll!
The hail misses the hobgoblin.
The gnoll bouda gazes fiercely through you!
You feel your attacks grow feeble.
The gnoll bouda hits you with a +0 whip!
You hit the gnoll bouda.
The gnoll bouda is moderately wounded.
The gnoll bouda barely misses you.
The hobgoblin hits you but does no damage.
The gnoll bouda hits you with a +0 whip.
Casting: Hailstorm (quite dangerous; 21% risk of failure)
Confirm with . or Enter, or press ? or * to list all spells.
The gnoll bouda is struck by an arc of lightning.
The gnoll bouda is heavily wounded.
You are struck by an arc of lightning.
* * * LOW HITPOINT WARNING * * *
The gnoll bouda is struck by an arc of lightning.
The gnoll bouda is severely wounded.
You are struck by an arc of lightning.
* * * LOW HITPOINT WARNING * * *
The lightning grounds out.
* * * LOW HITPOINT WARNING * * *
The gnoll bouda hits you with a +0 whip!
* * * LOW HITPOINT WARNING * * *
The hobgoblin closely misses you.
It was a potion of degeneration.
There was something very wrong with that liquid.
You feel weakened.
You feel dopey.
You feel clumsy.
The gnoll bouda hits you with a +0 whip!
You die...

### . .. #.#
.#
#...######.#
##..))g@.#
#...)<##g#
....#.#.# .#
.# .. ... ..
... .#..#.##
##. .....#.#
.. .# .....#
# .# ##....
#. ...


You could see a gnoll bouda and a hobgoblin.

Vanquished Creatures
  5 gnolls
  4 adders (D:3)
  3 worms (D:3)
  3 dart slugs
  6 orcs
  7 bats
  2 endoplasms (D:1)
  3 giant cockroaches
  6 goblins
  5 hobgoblins
  11 jackals
  A quokka (D:1)
  7 ball pythons
  A frilled lizard (D:1)
  6 kobolds
  3 rats
73 creatures vanquished.

Notes
Turn   | Place    | Note
-------+----------+-------------------------------------------
     0 | D:1      | Shayle the Djinni Reaver began the quest for the Orb.
     0 | D:1      | Shayle set off with the following spells memorised: Kiss of
                  | Death, Momentum Strike, Hailstorm.
     0 | D:1      | Reached XP level 1. HP: 18/18 MP: 0/0
   119 | D:1      | Reached XP level 2. HP: 23/23 MP: 0/0
   567 | D:1      | Reached XP level 3. HP: 28/28 MP: 0/0
   567 | D:1      | Learned a level 1 spell: Apportation
   851 | D:2      | Reached skill level 1 in Armour
   997 | D:1      | Reached skill level 1 in Stealth
  1047 | D:2      | Reached XP level 4. HP: 34/34 MP: 0/0
  1242 | D:3      | Reached XP level 5. HP: 21/39 MP: 0/0
  1242 | D:3      | Learned a level 2 spell: Static Discharge
  1768 | D:3      | Found a bloodstained altar of Trog.
  1944 | D:4      | HP: 1/40 [gnoll bouda/+0 whip (7)]
  1945 | D:4      | Mangled by a gnoll bouda

Illustrated notes

Levels and vault maps discovered:
D:1:      wander_arrival_abandoned_jail, layout_loops_cross
D:2:      layout_basic, ebering_ecumenical_altar_mist, basic_altar,
          hangedman_decor_growths
D:3:      layout_loops_cross, trog_hazing_becter
D:4:      layout_loops_cross, dancing_weapons_uskayaw,
          mainiacjoe_overflow_tiny_flanked

Skill      XL: |  1  2  3  4  5 |
---------------+----------------+-----
Armour         | 1 2 |  2.0
Stealth        | 1 |  1.9
Fighting       | 3 |  3.0
Spellcasting   | 3 |  3.0
Dodging        | |  2.1
Unarmed Combat | |  3.8

Action                   |  1- 3 |  4- 6 || total
-------------------------+-------+-------++-------
Melee: Unarmed           |   149 |    48 ||   197
       Punch             |     4 |     4 ||     8
       Morningstar       |       |    46 ||    46
 Cast: Hailstorm         |       |    17 ||    17
       Static Discharge  |       |     3 ||     3
  Use: Scroll            |     1 |       ||     1
       Potion            |       |     1 ||     1
 Stab: Sleeping          |     2 |       ||     2
Armor: Leather armour    |    62 |    48 ||   110
Dodge: Dodged            |   116 |   111 ||   227

Table legend: (Time is in decaauts)
 A = Elapsed time spent in this place.
 B = Non-inter-level travel time spent in this place.
 C = Inter-level travel time spent in this place.
 D = Time resting spent in this place.
 E = Time spent auto-exploring this place.
 F = Levels seen in this place.
 G = Mean time per level.
                   A        B        C        D        E       F      G
               +--------+--------+--------+--------+--------+-----+--------+
         Total |   1957 |   1908 |     49 |    130 |    940 |   4 |  489.2 |
       Dungeon |   1957 |   1908 |     49 |    130 |    940 |   4 |  489.2 |
               +--------+--------+--------+--------+--------+-----+--------+

Top non-repeatable levels by time:
     D:1: 825 daAuts
     D:3: 726 daAuts
     D:2: 395 daAuts
     D:4: 10 daAuts
